 Dungeon Crawl Stone Soup version 0.30.1-3-gfc49f6343a (webtiles) character file.

Game seed: 18389350432352324828

539 EC1 the Insei (level 7, -1/37 HPs)
             Began as a Vine Stalker Chaos Knight on July 22, 2023.
             Was a Plaything of Xom.
             Slain by a rust devil (5 damage)
             ... summoned by Xom
             ... on level 4 of the Dungeon.
             The game lasted 00:13:22 (2918 turns).

EC1 the Insei (Vine Stalker Chaos Knight)           Turns: 2918, Time: 00:13:23

Health: -1/37      AC: -13   Str: 13    XL:     7   Next: 26%
Magic:  0/17       EV:  4    Int: 16    God:    Xom [......]
Gold:   191        SH:  4    Dex: 15    Spells: 6/6 levels left

rFire   . . .        d - +1 dagger (drain)
rCold   . . .        (no shield)
rNeg    . . .        g - +0 plate armour
rPois   +            (no helmet)
rElec   .            (no cloak)
rCorr   .            (no gloves)
SInv    .            (no boots)
Will    .....        (no amulet) Stlth
                     i - ring of magical power
HPRegen 1.06/turn    (no ring)
MPRegen 0.15/turn

%: guardian spirit
@: corroded, unable to drink
A: fangs 2, regeneration 1, magic shield, antimagic bite, no potion heal 2,
talons 1, large bone plates 1, clever 1, deformed body, sense surroundings 1,
poison resistance, inability to drink after injury 1
a: Renounce Religion


You were on level 4 of the Dungeon.
You worshipped Xom.
You were a very special plaything of Xom.
You visited 1 branch of the dungeon, and saw 4 of its levels.

You collected 191 gold pieces.

Inventory:

Hand Weapons
 d - a +1 dagger of draining (weapon)
 e - a +0 hand axe of venom
 j - a +0 scythe
 k - a +0 dagger of venom
Armour
 a - a +2 leather armour
 c - a +0 robe
 g - a +0 plate armour (worn)
Jewellery
 i - a ring of magical power (left hand)
 m - a +6 ring of strength
Wands
 f - a wand of charming (5)
Scrolls
 l - 3 scrolls of identify
 n - 2 scrolls of blinking {unknown}
Potions
 h - a potion of magic
Miscellaneous
 b - a piece from Xom's chessboard (8/15) (quivered)


   Skills:
 + Level 3.6 Fighting
 + Level 2.9 Short Blades
 + Level 3.5 Armour
 + Level 2.8 Dodging
 + Level 1.0 Stealth
 + Level 3.9 Unarmed Combat
 + Level 0.2 Evocations


You had 6 spell levels left.
You didn't know any spells.
Your spell library contained the following spells:

 Spells                   Type           Power      Damage    Failure   Level
 Summon Small Mammal      Summ           0%         N/A       100%        1
 Call Canine Familiar     Summ           0%         N/A       100%        3
 Summon Guardian Golem    Hex/Summ       0%         N/A       100%        3
 Vhi's Electric Charge    Tloc/Air       0%         N/A       100%        3
 Arcjolt                  Conj/Air       0%         1d10      100%        5
 Plasma Beam              Fire/Air       0%         2x1d11    100%        6


Dungeon Overview and Level Annotations

Branches:
Dungeon (4/15)
 Temple: D:4-7

Altars:
Gozag
Makhleb
Xom
The Shining One

Annotations:
D:4 Eustachio


Innate Abilities, Weirdness & Mutations

You have extremely sharp teeth.
Your natural rate of healing is unusually fast.
When hurt, damage is shared between your health and your magic reserves.
Your bite disrupts and absorbs the magic of your enemies.
Potions cannot restore your health.
You have sharp toenails.
You are partially covered in large bone plates. (SH +4)
Your mind is acute. (Int +4, Str/Dex -1)
Armour fits poorly on your strangely shaped body.
You passively map a small area around you.
Your system is resistant to poisons. (rPois)
You occasionally lose the ability to drink potions when taking damage.


Message History

The bat barely misses you.
You hit the bat but do no damage. The bat hits you.
Eustachio mumbles some strange words.
The rust devil hits you!
You feel threatened and lose the ability to drink potions!
The rust devil corrodes you! The orange demon stings you from afar!
* * * LOW HITPOINT WARNING * * *
The quokka disappears in a puff of smoke!
The bat disappears in a puff of smoke!
The rust devil attacks as you move away!
The rust devil barely misses you.
The rust devil attacks as you move away!
The rust devil hits you.
* * * LOW HITPOINT WARNING * * *
The rust devil corrodes you!
You can drink potions again.
There is an open door here.
There is an open door here.
You hit the rust devil but do no damage.
Your bite misses the rust devil. The rust devil hits you.
You feel threatened and lose the ability to drink potions!
* * * LOW HITPOINT WARNING * * *
The rust devil corrodes you! The orange demon stings you from afar.
* * * LOW HITPOINT WARNING * * *
You make a move on Xom's chessboard...
The rust devil resists with almost no effort.
The rust devil hits you.
* * * LOW HITPOINT WARNING * * *
The rust devil corrodes you! You block the orange demon's attack.
You make a move on Xom's chessboard...
The orange demon resists with almost no effort.
The rust devil hits you.
* * * LOW HITPOINT WARNING * * *
The rust devil corrodes you! The orange demon stings you from afar.
* * * LOW HITPOINT WARNING * * *
You make a move on Xom's chessboard...
Eustachio appears confused.
Eustachio hits the orange demon with a +1 rapier of venom!
The orange demon is poisoned.
The rust devil hits you.
You die...
Xom snickers!

#....................#.. *
#.......#....#.........
##......###...##..).....
#...#.......###.####.....@..
#........#..........).......
.##...#.##...###(###..###.....
..#.....#....# #.# #r######)..
........#..#.###+###...# #... ,
..........#.@44_###..#####).. .#
..#...##.....###@###...#..†.#.
..#.##...##...#.# #.# #......).#.
....# #.......#.###.###.##[.#..##
.... ##............@...##.##..##
##.#######..#...###..>.....##....
................###..............
.......P........##..)†...........
........[........##).#####.......


You could see an orange demon (summoned, very poisoned), a rust devil (summoned)
and Eustachio (confused).

Vanquished Creatures
  Sigmund (D:4)
  A killer bee (D:3)
  A sleepcap (D:4)
  2 orc wizards
  Robin (D:4)
  4 adders
  A shadow imp (D:3)
  5 dart slugs
  6 orcs
  5 ball pythons
  7 endoplasms
  A giant cockroach (D:1)
  16 goblins
  8 hobgoblins
  8 jackals
  6 kobolds
  A quokka (D:3)
  7 bats
  3 frilled lizards
  3 rats
87 creatures vanquished.

Vanquished Creatures (collateral kills)
  A water moccasin (D:4)
  An orc (D:4)
  A goblin (D:4)
3 creatures vanquished.

Grand Total: 90 creatures vanquished

Notes
Turn   | Place    | Note
-------+----------+-------------------------------------------
     0 | D:1      | EC1 the Vine Stalker Chaos Knight began the quest for the
                  | Orb.
     0 | D:1      | Reached XP level 1. HP: 11/11 MP: 2/2
   226 | D:1      | Found a faded altar of an unknown god.
   237 | D:1      | XOM: potion effect (brilliance)
   240 | D:1      | Reached XP level 2. HP: 13/16 MP: 3/3
   509 | D:1      | XOM: polymorph jackal -> adder
   516 | D:1      | Reached XP level 3. HP: 16/18 MP: 4/4
   545 | D:1      | XOM: god gift: wand of charming (5)
   565 | D:1      | XOM: give mutations
   565 | D:1      | Gained mutation: Your system is resistant to poisons.
                  | (rPois) [Xom's grace]
   565 | D:1      | Gained mutation: You have a pair of small antennae on your
                  | head. [Xom's grace]
   565 | D:1      | Gained mutation: You have an increased reservoir of magic.
                  | (+10% MP) [Xom's grace]
   565 | D:1      | Gained mutation: You are covered in fur. (AC +1) [Xom's
                  | grace]
   614 | D:1      | XOM: scenery: 1 doors open
   974 | D:2      | Gained mutation: Your natural rate of healing is unusually
                  | fast. [Vine Stalker growth]
   974 | D:2      | Reached XP level 4. HP: 24/24 MP: 5/5
  1038 | D:2      | XOM: summons 3 hostile demons
  1126 | D:2      | Reached skill level 1 in Dodging
  1276 | D:2      | Reached skill level 1 in Short Blades
  1315 | D:2      | XOM: summons 3 hostile demons
  1812 | D:3      | Found a shimmering altar of Xom.
  1878 | D:3      | XOM is BORED!
  1878 | D:3      | XOM: torment (17/24 hp)
  1942 | D:3      | XOM: polymorph bat -> killer bee
  1949 | D:3      | XOM: summons 3 hostile demons
  1950 | D:3      | Noticed a ynoxinul
  1985 | D:4      | Found a glowing golden altar of the Shining One.
  1989 | D:4      | Noticed Sigmund
  1992 | D:4      | Noticed Robin
  2002 | D:4      | Reached XP level 5. HP: 20/28 MP: 5/6
  2019 | D:4      | a worm changed into a water moccasin
  2019 | D:4      | Noticed a water moccasin
  2019 | D:4      | XOM: polymorph worm -> water moccasin
  2021 | D:4      | XOM: enchant monster (bad)
  2028 | D:4      | XOM: summons 5 friendly demons
  2031 | D:4      | Killed a water moccasin
  2038 | D:4      | Reached XP level 6. HP: 32/32 MP: 7/7
  2122 | D:4      | XOM: swap monsters
  2136 | D:4      | Found an opulent altar of Gozag.
  2189 | D:4      | XOM: smoke on damage
  2190 | D:4      | Killed Sigmund
  2191 | D:4      | Reached skill level 1 in Stealth
  2235 | D:4      | Reached XP level 7. HP: 36/36 MP: 8/8
  2361 | D:3      | XOM: give mutations
  2361 | D:3      | Gained mutation: Armour fits poorly on your strangely
                  | shaped body. [Xom's mischief]
  2361 | D:3      | Gained mutation: Your mind is acute. (Int +4, Str/Dex -1)
                  | [Xom's mischief]
  2361 | D:3      | Gained mutation: You have sharp toenails. [Xom's mischief]
  2361 | D:3      | Gained mutation: You occasionally lose the ability to drink
                  | potions when taking damage. [Xom's mischief]
  2409 | D:3      | XOM: give mutations
  2409 | D:3      | Lost mutation: You have a pair of small antennae on your
                  | head. [Xom's mischief]
  2409 | D:3      | Lost mutation: You are covered in fur. (AC +1) [Xom's
                  | mischief]
  2409 | D:3      | Lost mutation: You have an increased reservoir of magic.
                  | (+10% MP) [Xom's mischief]
  2409 | D:3      | Gained mutation: You passively map a small area around you.
                  | [Xom's mischief]
  2508 | D:3      | Found a burning altar of Makhleb.
  2728 | D:4      | Noticed Eustachio
  2728 | D:4      | XOM: give mutation
  2728 | D:4      | Gained mutation: You are partially covered in large bone
                  | plates. (SH +4) [Xom's mischief]
  2732 | D:4      | XOM: 2-stop teleportation journey
  2767 | D:4      | HP: 1/36 [goblin/+0 club[Robin] (2)]
  2800 | D:4      | Killed Robin
  2875 | D:4      | XOM: summons 1 hostile shadow creature
  2890 | D:4      | XOM: summons 4 hostile demons
  2891 | D:4      | Noticed an orange demon
  2891 | D:4      | Noticed a rust devil
  2896 | D:4      | XOM: enchant monster (bad)
  2918 | D:4      | Slain by a rust devil

Illustrated notes

Levels and vault maps discovered:
D:1:      dpeg_arrival_long_road, layout_basic,
          hellmonk_ecumenical_altar_zigzags, minmay_ruptured
D:2:      layout_basic, minmay_misc_feat_iff
D:3:      layout_basic, mainiacjoe_overflow_brackets, mainiacjoe_overflow_paths,
          minmay_misc_feat_secret_circle
D:4:      layout_cave_pools, lemuel_doored_altar,
          worldfamousw_hep_ancestral_shrine, mainiacjoe_overflow_cross_hatched,
          uniq_sigmund, uniq_robin, uniq_eustachio

Skill      XL: |  1  2  3  4  5  6 |
---------------+-------------------+-----
Fighting       | 3 |  3.6
Armour         | 2 3 |  3.5
Dodging        | 1 2 |  2.8
Short Blades   | 1 2 |  2.9
Stealth        | 1 |  1.0
Unarmed Combat | |  3.9
Evocations     | |  0.2

Action                     |  1- 3 |  4- 6 |  7- 9 || total
---------------------------+-------+-------+-------++-------
  Melee: Unarmed           |    61 |       |       ||    61
         Bite              |    18 |    55 |     8 ||    81
         Dagger            |    32 |   234 |    61 ||   327
         Punch             |     2 |     5 |       ||     7
         Kick              |       |       |    12 ||    12
  Evoke: Piece from Xom's  |     4 |     4 |     7 ||    15
    Use: Scroll            |     2 |     6 |     1 ||     9
         Potion            |     1 |     1 |       ||     2
   Stab: Confused          |     1 |       |       ||     1
 Armour: Leather armour    |    26 |   147 |       ||   173
         Plate armour      |       |    40 |    65 ||   105
         Skin              |       |     1 |       ||     1
  Dodge: Dodged            |    54 |   183 |    21 ||   258
  Block: Other             |       |       |    17 ||    17
